[Event "Vienna Chess Open 2019"]
[Site "Vienna"]
[Date "2019.08.20"]
[Round "5.3"]
[White "Bick, Gabriel"]
[Black "Bakhmatsky, Vladislav"]
[Result "1-0"]
[ECO "B54"]
[WhiteElo "2375"]
[BlackElo "2442"]
[Annotator "NA"]
[PlyCount "81"]
[EventDate "2019.08.17"]
[EventType "swiss"]
[EventCountry "AUT"]
[SourceTitle "playchess.com"]
[Source "ChessBase"]
[SourceQuality "1"]
[TimeControl "40/5400+30:1800+30"]

1. e4 c5 2. Nf3 d6 3. d4 cxd4 4. Nxd4 Nf6 5. f3 e5 6. Nb3 d5 7. Bg5 d4 8. c3 Nc6 9. cxd4 Bb4+ 10. Bd2 Nxe4 11. Bxb4 Qh4+ 12. g3 Nxg3 13. hxg3 Qxh1 14. Bc5 Bh3 15. N1d2 O-O-O 16. Qc2 Bxf1 17. O-O-O Qh6 18. Rxf1 b6 19. Ba3 exd4 20. Qf5+ Qe6 21. Qxe6+ fxe6 22. Re1 e5 23. Ne4 Rd5 24. Kd2 Nd8 25. Nc1 Nf7 26. Nd3 Kd7 27. g4 h6 28. Rh1 Ke6 29. f4 Rd7 30. Re1 Rc7 31. fxe5 g5 32. Bd6 Nxd6 33. exd6 Rg7 34. Ng3+ Kd5 35. Nf5 Rgh7 36. Re5+ Kc6 37. Nb4+ Kd7 38. Nd5 Kc6 39. Nf6 Rf7 40. Re6 Rhf8 41. d7+ 1-0

[Event "Vienna Chess Open 2019"]
[Site "Vienna"]
[Date "2019.08.20"]
[Round "5.3"]
[White "Vardaan Nagpal"]
[Black "Peralta, Fernando"]
[Result "0-1"]
[ECO "E16"]
[WhiteElo "2343"]
[BlackElo "2572"]
[Annotator "ChessBase"]
[PlyCount "88"]
[EventDate "2019.08.17"]
[EventType "swiss"]
[EventCountry "AUT"]
[SourceTitle "playchess.com"]
[Source "ChessBase"]
[SourceQuality "1"]
[TimeControl "40/5400+30:1800+30"]

1. d4 Nf6 2. c4 e6 3. Nf3 b6 4. g3 Bb7 5. Bg2 Bb4+ 6. Bd2 a5 7. O-O O-O 8. Nc3 d6 9. Qc2 Nbd7 10. Rfd1 Bxc3 11. Bxc3 Be4 12. Qd2 h6 13. b3 Re8 14. a3 Qb8 15. a4 c6 16. Ne1 Bxg2 17. Nxg2 d5 18. Bb2 Qb7 19. Nf4 Ne4 20. Qc2 Rac8 21. f3 Nef6 22. Nd3 c5 23. dxc5 bxc5 24. Bc3 d4 25. Bxa5 e5 26. e4 dxe3 27. Ne1 Nb8 28. Bc3 Nc6 29. Qd3 e4 30. Qxe3 exf3 31. Qxf3 Ne4 32. Rd3 Ng5 33. Qf1 Rcd8 34. Rad1 Qxb3 35. Rxd8 Nxd8 36. Rd3 Qxc4 37. h4 Ne4 38. Re3 Qxa4 39. Qf4 Qc6 40. Be5 Nd6 41. Ng2 Ne6 42. Qg4 Ra8 43. Nf4 Ra2 44. Rf3 Qe4 0-1

[Event "Vienna Chess Open 2019"]
[Site "Vienna"]
[Date "2019.08.20"]
[Round "5.4"]
[White "Dastan, Muhammed Batuhan"]
[Black "Dobrovoljc, Vid"]
[Result "1-0"]
[ECO "B89"]
[WhiteElo "2582"]
[BlackElo "2331"]
[Annotator "ChessBase"]
[PlyCount "79"]
[EventDate "2019.08.17"]
[EventType "swiss"]
[EventCountry "AUT"]
[SourceTitle "playchess.com"]
[Source "ChessBase"]
[SourceQuality "1"]
[TimeControl "40/5400+30:1800+30"]

1. e4 c5 2. Nf3 d6 3. d4 cxd4 4. Nxd4 Nf6 5. Nc3 Nc6 6. Bc4 e6 7. Be3 a6 8. Bb3 Qc7 9. Qe2 Bd7 10. f4 Na5 11. g4 b5 12. a3 Qb7 13. Qf3 e5 14. fxe5 dxe5 15. Nf5 Nxb3 16. cxb3 Bc6 17. Qg3 O-O-O 18. O-O h5 19. gxh5 Nxh5 20. Qxe5 Nf6 21. Qf4 Re8 22. Rac1 g5 23. Qg3 Nh5 24. Nd6+ Bxd6 25. Qxd6 Re6 26. Qd4 Rd8 27. Nd5 Kb8 28. Rxf7 Qxf7 29. Qb6+ Kc8 30. Rxc6+ Rxc6 31. Qxc6+ Kb8 32. Qb6+ Kc8 33. Qxa6+ Qb7 34. Qe6+ Kb8 35. Qe5+ Ka8 36. Nc7+ Kb8 37. Ne6+ Kc8 38. Qc3+ Kd7 39. Nc5+ Kc6 40. Nxb7+ {[%emt 0:00:11] Kd5} 1-0

[Event "Vienna Chess Open 2019"]
[Site "Vienna"]
[Date "2019.08.20"]
[Round "5.4"]
[White "Mons, Leon"]
[Black "Tryggestad, Andreas Garberg"]
[Result "1/2-1/2"]
[ECO "A34"]
[WhiteElo "2559"]
[BlackElo "2343"]
[Annotator "ChessBase"]
[PlyCount "69"]
[EventDate "2019.08.17"]
[EventType "swiss"]
[EventCountry "AUT"]
[SourceTitle "playchess.com"]
[Source "ChessBase"]
[SourceQuality "1"]
[TimeControl "40/5400+30:1800+30"]

1. c4 Nf6 2. Nc3 c5 3. g3 g6 4. Bg2 Bg7 5. e4 Nc6 6. Nge2 O-O 7. O-O d6 8. d3 a6 9. Rb1 Bd7 10. a3 Rb8 11. b4 cxb4 12. axb4 b5 13. cxb5 axb5 14. d4 e5 15. dxe5 dxe5 16. Be3 Be6 17. Nd5 Nd7 18. Qd2 Nb6 19. Bxb6 Rxb6 20. Rfc1 Bxd5 21. exd5 Nd4 22. Nxd4 exd4 23. Rc5 Qa8 24. Qd3 Qa2 25. Bf3 Ra8 26. Re1 Qa4 27. Rb1 h6 28. Bd1 Qa3 29. Qd2 Qa2 30. Rb2 Qa1 31. Rc1 Qa3 32. Bb3 Rbb8 33. Rc7 Qa1+ 34. Kg2 d3 35. Ra2 1/2-1/2

[Event "Vienna Chess Open 2019"]
[Site "Vienna"]
[Date "2019.08.20"]
[Round "5.4"]
[White "Valmana Canto, Jaime"]
[Black "Pieper, Thomas"]
[Result "1-0"]
[ECO "A04"]
[WhiteElo "2406"]
[BlackElo "2234"]
[Annotator "NA"]
[PlyCount "79"]
[EventDate "2019.08.17"]
[EventType "swiss"]
[EventCountry "AUT"]
[SourceTitle "playchess.com"]
[Source "ChessBase"]
[SourceQuality "1"]
[TimeControl "40/5400+30:1800+30"]

1. Nf3 c5 2. g3 Nf6 3. Bg2 g6 4. O-O Bg7 5. c4 Nc6 6. d4 cxd4 7. Nxd4 O-O 8. Nc2 d6 9. Nc3 Qa5 10. Nd5 Nxd5 11. cxd5 Nb8 12. Na3 Bd7 13. Be3 Qa4 14. Qd2 Na6 15. Bg5 Rfe8 16. Rab1 Rac8 17. Rfc1 Qd4 18. Rxc8 Rxc8 19. Qxd4 Bxd4 20. Bxe7 b5 21. e3 Bf5 22. Re1 Bxb2 23. Nxb5 Rc2 24. Bxd6 Bd7 25. a4 Nc5 26. Bxc5 Rxc5 27. Nxa7 Ra5 28. Nc6 Rxa4 29. Bf3 Kf8 30. Rb1 Bh3 31. Bd1 Ra1 32. Rxa1 Bxa1 33. f4 Bc3 34. g4 Ke8 35. Kf2 Bf6 36. Bf3 Bh4+ 37. Ke2 Bf6 38. e4 Bc3 39. Ne5 g5 40. Nd3 1-0

[Event "Vienna Chess Open 2019"]
[Site "Vienna"]
[Date "2019.08.20"]
[Round "5.5"]
[White "Nasuta, Grzegorz"]
[Black "Swicarz, Maciej"]
[Result "1-0"]
[ECO "B31"]
[WhiteElo "2533"]
[BlackElo "2341"]
[Annotator "ChessBase"]
[PlyCount "73"]
[EventDate "2019.08.17"]
[EventType "swiss"]
[EventCountry "AUT"]
[SourceTitle "playchess.com"]
[Source "ChessBase"]
[SourceQuality "1"]
[TimeControl "40/5400+30:1800+30"]

1. e4 c5 2. Nf3 Nc6 3. Bb5 g6 4. O-O Bg7 5. Re1 e5 6. b4 Nxb4 7. Bb2 Qc7 8. c3 Nc6 9. d4 exd4 10. cxd4 a6 11. Bxc6 dxc6 12. Nc3 cxd4 13. Nd5 cxd5 14. exd5+ Ne7 15. Bxd4 Bxd4 16. Qxd4 O-O 17. d6 Nf5 18. dxc7 Nxd4 19. Nxd4 Bd7 20. Re7 Ba4 21. Rb1 Bb5 22. h3 Rfc8 23. Nxb5 axb5 24. Rd1 Kg7 25. Rdd7 Rf8 26. g4 g5 27. Re5 h6 28. Red5 Rfc8 29. Rf5 Rf8 30. Rfd5 Rfc8 31. Rf5 Rf8 32. a3 Kg6 33. Rxb5 Rxa3 34. Rd8 Ra8 35. Rbd5 Rc8 36. Rxf8 Rxf8 37. Rd8 1-0

[Event "Vienna Chess Open 2019"]
[Site "Vienna"]
[Date "2019.08.20"]
[Round "5.5"]
[White "Barp, Alberto"]
[Black "Hertneck, Gerald"]
[Result "1-0"]
[ECO "E11"]
[WhiteElo "2411"]
[BlackElo "2495"]
[Annotator "ChessBase"]
[PlyCount "115"]
[EventDate "2019.08.17"]
[EventType "swiss"]
[EventCountry "AUT"]
[SourceTitle "playchess.com"]
[Source "ChessBase"]
[SourceQuality "1"]
[TimeControl "40/5400+30:1800+30"]

1. d4 Nf6 2. c4 e6 3. Nf3 Bb4+ 4. Bd2 c5 5. Bxb4 cxb4 6. g3 d6 7. Bg2 Nc6 8. O-O O-O 9. a3 bxa3 10. Nxa3 e5 11. Nb5 a6 12. dxe5 dxe5 13. c5 Bd7 14. Nd6 b6 15. Qc1 Qe7 16. Rd1 bxc5 17. Qxc5 a5 18. e3 Rab8 19. Ng5 Nd8 20. Rxa5 Rxb2 21. h3 Be8 22. Qxe5 Qxe5 23. Rxe5 Ba4 24. Rc1 Rc2 25. Rxc2 Bxc2 26. Re7 h6 27. Nf3 Nc6 28. Rc7 Ba4 29. Nh4 Ne5 30. Nhf5 Rb8 31. Rc8+ Rxc8 32. Nxc8 Bd7 33. Ncd6 Ne8 34. f4 Nxd6 35. Nxd6 Nc6 36. Bxc6 Bxc6 37. Kf2 h5 38. e4 Bd7 39. h4 Kf8 40. Ke3 Ke7 41. Nc4 f6 42. Kd4 Bc6 43. Ne3 Ke6 44. Nf5 g6 45. Ne3 Bb7 46. f5+ Kf7 47. fxg6+ Kxg6 48. Nd5 Kg7 49. Nf4 Kh6 50. e5 fxe5+ 51. Kxe5 Bf3 52. Kf6 Bd1 53. Ne6 Bg4 54. Nd4 Bd1 55. Nf5+ Kh7 56. Kg5 Be2 57. Ne7 Kg7 58. Nd5 1-0

[Event "Vienna Chess Open 2019"]
[Site "Vienna"]
[Date "2019.08.20"]
[Round "5.5"]
[White "Halvax, Georg"]
[Black "Michaelides, Konstantinos"]
[Result "1-0"]
[ECO "E11"]
[WhiteElo "2403"]
[BlackElo "2178"]
[Annotator "NA"]
[PlyCount "65"]
[EventDate "2019.08.17"]
[EventType "swiss"]
[EventCountry "AUT"]
[SourceTitle "playchess.com"]
[Source "ChessBase"]
[SourceQuality "1"]
[TimeControl "40/5400+30:1800+30"]

1. d4 Nf6 2. c4 e6 3. Nf3 Bb4+ 4. Bd2 a5 5. a3 Bxd2+ 6. Qxd2 d6 7. Nc3 Nbd7 8. e3 O-O 9. Be2 e5 10. O-O Qe7 11. Qc2 c6 12. b4 Re8 13. dxe5 Nxe5 14. Nd4 Be6 15. Na4 axb4 16. axb4 Rad8 17. c5 g6 18. cxd6 Qxd6 19. Nc5 Bc8 20. h3 Nd5 21. b5 f5 22. bxc6 bxc6 23. Rfd1 Qf8 24. Ba6 Qf7 25. Bc4 Kh8 26. Bb3 Qf6 27. Ra7 f4 28. Ne4 Qf8 29. Nxc6 Nxc6 30. Qxc6 Rxe4 31. Rxd5 Rxd5 32. Bxd5 Re5 33. Qc3 1-0

[Event "Vienna Chess Open 2019"]
[Site "Vienna"]
[Date "2019.08.20"]
[Round "5.6"]
[White "Yankelevich, Lev"]
[Black "Schwabeneder, Florian"]
[Result "1-0"]
[ECO "A04"]
[WhiteElo "2480"]
[BlackElo "2404"]
[Annotator "ChessBase"]
[PlyCount "115"]
[EventDate "2019.08.17"]
[EventType "swiss"]
[EventCountry "AUT"]
[SourceTitle "playchess.com"]
[Source "ChessBase"]
[SourceQuality "1"]
[TimeControl "40/5400+30:1800+30"]

1. Nf3 d6 2. d4 Nf6 3. c4 Nbd7 4. Nc3 g6 5. e4 e5 6. Be2 Bg7 7. Be3 O-O 8. d5 Ng4 9. Bg5 f6 10. Bd2 Nh6 11. h4 a5 12. Qc1 Nf7 13. h5 g5 14. Nh2 c6 15. O-O Nb6 16. g4 Re8 17. b3 Bf8 18. a3 Qc7 19. Qb2 Bd7 20. Rfc1 Be7 21. Nf1 Rec8 22. Ne3 Nh6 23. b4 axb4 24. axb4 Rxa1 25. Rxa1 Kg7 26. f3 Be8 27. Be1 Ra8 28. Bf2 Rxa1+ 29. Qxa1 Nd7 30. dxc6 bxc6 31. b5 Nc5 32. Qa8 Bd8 33. Na4 Nxa4 34. Qxa4 Qa5 35. Qb3 Bb6 36. Kf1 Bc5 37. Nc2 Bxf2 38. Kxf2 Qb6+ 39. Ke1 Nf7 40. Qa4 Bd7 41. Qa6 Qxa6 42. bxa6 c5 43. Ne3 Nd8 44. Nf5+ Kf8 45. Bd1 Ne6 46. a7 Nc7 47. Nxd6 Bc6 48. Nb5 Na8 49. Nc3 Ke7 50. Nd5+ Ke6 51. Kd2 Kf7 52. Kc3 Ke6 53. Kb2 Kf7 54. Ka3 Ke6 55. Ba4 Bb7 56. h6 Kf7 57. Bd7 Kg6 58. Ka4 1-0

[Event "Vienna Chess Open 2019"]
[Site "Vienna"]
[Date "2019.08.20"]
[Round "5.6"]
[White "Morgunov, Daniel"]
[Black "Shengelia, David"]
[Result "0-1"]
[ECO "B62"]
[WhiteElo "2329"]
[BlackElo "2523"]
[Annotator "ChessBase"]
[PlyCount "76"]
[EventDate "2019.08.17"]
[EventType "swiss"]
[EventCountry "AUT"]
[SourceTitle "playchess.com"]
[Source "ChessBase"]
[SourceQuality "1"]
[TimeControl "40/5400+30:1800+30"]

1. e4 c5 2. Nf3 Nc6 3. d4 cxd4 4. Nxd4 Nf6 5. Nc3 d6 6. Bg5 e6 7. Bb5 Bd7 8. Bxc6 bxc6 9. Qf3 h6 10. Bh4 e5 11. Nf5 Bxf5 12. Qxf5 Qd7 13. Qf3 Be7 14. O-O-O O-O 15. Rd3 Rfd8 16. Rhd1 Qe6 17. Kb1 Rd7 18. Qe2 Rad8 19. Bg3 Bf8 20. h3 Re8 21. Qd2 Rb7 22. f4 Qc4 23. fxe5 dxe5 24. Re1 Bb4 25. Ka1 Ba5 26. Bh4 Reb8 27. b3 Nxe4 28. Rd8+ Rxd8 29. Qxd8+ Bxd8 30. bxc4 Bxh4 31. Rxe4 Be7 32. Rxe5 Bf6 33. Re3 Rb4 34. c5 a5 35. a4 Rxa4+ 36. Kb1 Ra3 37. Kb2 Rxc3 38. Rxc3 a4 0-1

[Event "Vienna Chess Open 2019"]
[Site "Vienna"]
[Date "2019.08.20"]
[Round "5.6"]
[White "Theissl Pokorna, Regina"]
[Black "Soysal, Serkan"]
[Result "0-1"]
[ECO "B09"]
[WhiteElo "2310"]
[BlackElo "2388"]
[Annotator "NA"]
[PlyCount "50"]
[EventDate "2019.08.17"]
[EventType "swiss"]
[EventCountry "AUT"]
[SourceTitle "playchess.com"]
[Source "ChessBase"]
[SourceQuality "1"]
[TimeControl "40/5400+30:1800+30"]

1. e4 g6 2. d4 Bg7 3. Nc3 d6 4. f4 Nf6 5. Nf3 O-O 6. Bd3 Nh5 7. Be2 c5 8. dxc5 Bxc3+ 9. bxc3 dxc5 10. Be3 Qa5 11. O-O Qxc3 12. Bd2 Qa3 13. Ne5 Nf6 14. Bd3 Nc6 15. Nxc6 bxc6 16. Qe2 Rd8 17. e5 Nd5 18. f5 c4 19. e6 cxd3 20. exf7+ Kg7 21. Qe5+ Nf6 22. fxg6 hxg6 23. Rae1 Kxf7 24. Bg5 Qd6 25. Qc3 Bf5 0-1

[Event "Vienna Chess Open 2019"]
[Site "Vienna"]
[Date "2019.08.20"]
[Round "5.7"]
[White "Gumularz, Szymon"]
[Black "Huber, Martin Christian"]
[Result "1-0"]
[ECO "A10"]
[WhiteElo "2501"]
[BlackElo "2337"]
[Annotator "ChessBase"]
[PlyCount "95"]
[EventDate "2019.08.17"]
[EventType "swiss"]
[EventCountry "AUT"]
[SourceTitle "playchess.com"]
[Source "ChessBase"]
[SourceQuality "1"]
[TimeControl "40/5400+30:1800+30"]

1. c4 g6 2. Nc3 c5 3. e3 Nf6 4. d4 cxd4 5. exd4 d5 6. Qb3 Bg7 7. cxd5 O-O 8. Be2 b6 9. Bf3 Bb7 10. Nge2 Qd7 11. O-O Na6 12. Re1 Rad8 13. Nf4 Rfe8 14. Bd2 Ba8 15. Qa3 Bb7 16. Be2 Qd6 17. Qxd6 exd6 18. Bb5 Rxe1+ 19. Rxe1 Nb8 20. a4 Kf8 21. h4 a6 22. Bc4 Re8 23. Rc1 Rc8 24. b3 Nbd7 25. f3 Ne8 26. Be3 h5 27. Kf2 Ndf6 28. Ke2 Nc7 29. Kd2 Ke7 30. Rg1 Rh8 31. Re1 Kd7 32. g3 Rb8 33. b4 Re8 34. Rc1 Bh6 35. Bf1 Rxe3 36. Kxe3 Ncxd5+ 37. Kf2 Nxf4 38. gxf4 Bxf4 39. Rc2 d5 40. a5 b5 41. Nxb5 Ne8 42. Nc3 Nc7 43. b5 axb5 44. Nxb5 Ne6 45. Ra2 Ba6 46. Nc3 Bxf1 47. Kxf1 Bb8 48. a6 1-0

[Event "Vienna Chess Open 2019"]
[Site "Vienna"]
[Date "2019.08.20"]
[Round "5.7"]
[White "Kojima, Shinya"]
[Black "Blohberger, Felix"]
[Result "1/2-1/2"]
[ECO "D38"]
[WhiteElo "2467"]
[BlackElo "2467"]
[Annotator "ChessBase"]
[PlyCount "71"]
[EventDate "2019.08.17"]
[EventType "swiss"]
[EventCountry "AUT"]
[SourceTitle "playchess.com"]
[Source "ChessBase"]
[SourceQuality "1"]
[TimeControl "40/5400+30:1800+30"]

1. Nf3 d5 2. d4 Nf6 3. c4 e6 4. Nc3 Bb4 5. Bg5 h6 6. Bxf6 Qxf6 7. e3 O-O 8. Rc1 Nc6 9. cxd5 exd5 10. Be2 Rd8 11. O-O Bf8 12. Na4 Bd6 13. Nc5 Ne7 14. b4 a5 15. b5 b6 16. Nd3 Ng6 17. a4 Qe7 18. Rc3 f6 19. Qc2 Qf7 20. Rc1 Be6 21. g3 Rd7 22. Nf4 Nxf4 23. exf4 Re7 24. Bd3 g5 25. fxg5 hxg5 26. Bg6 Qg7 27. Re3 Bg4 28. Qc6 Rd8 29. Qxd5+ Kf8 30. Bf5 Bh5 31. Rce1 Rde8 32. Be6 Bf4 33. R3e2 Bd6 34. Re3 Bf4 35. R3e2 Bd6 36. Re3 1/2-1/2

[Event "Vienna Chess Open 2019"]
[Site "Vienna"]
[Date "2019.08.20"]
[Round "5.7"]
[White "Stark, Lars"]
[Black "Sertbay, Huseyin"]
[Result "1-0"]
[ECO "A04"]
[WhiteElo "2362"]
[BlackElo "2066"]
[Annotator "ChessBase"]
[PlyCount "111"]
[EventDate "2019.08.17"]
[EventType "swiss"]
[EventCountry "AUT"]
[SourceTitle "playchess.com"]
[Source "ChessBase"]
[SourceQuality "1"]
[TimeControl "40/5400+30:1800+30"]

1. Nf3 c5 2. c4 Nc6 3. Nc3 d6 4. g3 g6 5. Bg2 Bg7 6. O-O e5 7. d3 Nge7 8. Ne1 Be6 9. Nd5 O-O 10. Nc2 Rb8 11. a4 f5 12. Rb1 a5 13. Bg5 h6 14. Nxe7+ Nxe7 15. Bxe7 Qxe7 16. Ne3 Kh7 17. Nd5 Bxd5 18. Bxd5 Qd7 19. Kg2 Bf6 20. e3 Bg7 21. Qc2 b6 22. Rbe1 Bf6 23. Qb3 Bg7 24. Re2 Bh8 25. Rfe1 Bf6 26. f3 Bg7 27. Rf1 Rfe8 28. Qb5 Qxb5 29. cxb5 Bf6 30. Kf2 Kg7 31. Ke1 h5 32. Kd1 Rh8 33. Kc2 h4 34. Kb3 hxg3 35. hxg3 Rh3 36. Rg1 Kf8 37. Kc4 Ke7 38. d4 Kd7 39. dxc5 bxc5 40. Bf7 Rh6 41. Rgg2 Rf8 42. Bd5 Kc7 43. b4 Kb6 44. bxa5+ Kxa5 45. b6 e4 46. b7 exf3 47. Bxf3 Rh1 48. Kd5 Be5 49. Kc6 Rb1 50. Bd5 Ka6 51. Kc7 Ka7 52. g4 f4 53. exf4 Rxf4 54. Rgf2 Rxg4 55. Rf8 Rgb4 56. Ra8# 1-0

[Event "Vienna Chess Open 2019"]
[Site "Vienna"]
[Date "2019.08.20"]
[Round "5.8"]
[White "Miedema, David"]
[Black "Abdumalik, Zhansaya"]
[Result "1/2-1/2"]
[ECO "A62"]
[WhiteElo "2371"]
[BlackElo "2457"]
[Annotator "ChessBase"]
[PlyCount "55"]
[EventDate "2019.08.17"]
[EventType "swiss"]
[EventCountry "AUT"]
[SourceTitle "playchess.com"]
[Source "ChessBase"]
[SourceQuality "1"]
[TimeControl "40/5400+30:1800+30"]

1. d4 Nf6 2. c4 g6 3. Nf3 Bg7 4. g3 O-O 5. Bg2 c5 6. d5 e6 7. Nc3 exd5 8. cxd5 d6 9. O-O Re8 10. Bf4 Bf5 11. Nh4 Bg4 12. h3 Nh5 13. Bxd6 Bxe2 14. Nxe2 Qxd6 15. Nc3 Nf6 16. Qb3 Qb6 17. Qxb6 axb6 18. a4 Rd8 19. Rfe1 Ne8 20. Nf3 Na6 21. Re7 Nd6 22. Nd2 Kf8 23. Re2 Nb4 24. Rb1 Re8 25. Rxe8+ Rxe8 26. Nce4 Nxe4 27. Nxe4 Nxd5 28. Nxc5 1/2-1/2

[Event "Vienna Chess Open 2019"]
[Site "Vienna"]
[Date "2019.08.20"]
[Round "5.8"]
[White "Oboladze, Luka"]
[Black "Valsecchi, Alessio"]
[Result "0-1"]
[ECO "D71"]
[WhiteElo "2323"]
[BlackElo "2494"]
[Annotator "ChessBase"]
[PlyCount "80"]
[EventDate "2019.08.17"]
[EventType "swiss"]
[EventCountry "AUT"]
[SourceTitle "playchess.com"]
[Source "ChessBase"]
[SourceQuality "1"]
[TimeControl "40/5400+30:1800+30"]

1. d4 Nf6 2. c4 g6 3. g3 c5 4. Nf3 cxd4 5. Nxd4 Nc6 6. Bg2 Bg7 7. O-O O-O 8. Nc3 Qa5 9. Nb3 Qh5 10. e4 Qxd1 11. Rxd1 d6 12. c5 Ne8 13. Bg5 dxc5 14. Nxc5 h6 15. Bc1 Kh7 16. Nd5 b6 17. Nb3 Bg4 18. f3 Be6 19. f4 Rc8 20. e5 f6 21. exf6 Nxf6 22. Nc3 Nb4 23. Nd4 Bg4 24. Nf3 Rfd8 25. Rf1 Bf5 26. Bd2 Nd3 27. Rab1 Nh5 28. Be1 Ndxf4 29. gxf4 Bxb1 30. Nxb1 Nxf4 31. Nc3 a6 32. Bd2 Nd3 33. Ne4 Nxb2 34. Bb4 Rd1 35. Ne1 Nc4 36. Rf7 Ne5 37. Rxe7 Kh8 38. Kf2 Nc6 39. Rxg7 Kxg7 40. Bc3+ Kf8 0-1

[Event "Vienna Chess Open 2019"]
[Site "Vienna"]
[Date "2019.08.20"]
[Round "5.8"]
[White "Gueci, Tea"]
[Black "Baenziger, Fabian"]
[Result "1-0"]
[ECO "B51"]
[WhiteElo "2259"]
[BlackElo "2358"]
[Annotator "NA"]
[PlyCount "63"]
[EventDate "2019.08.17"]
[EventType "swiss"]
[EventCountry "AUT"]
[SourceTitle "playchess.com"]
[Source "ChessBase"]
[SourceQuality "1"]
[TimeControl "40/5400+30:1800+30"]

1. e4 c5 2. Nf3 d6 3. Bb5+ Nd7 4. c3 Ngf6 5. Qe2 a6 6. Ba4 e5 7. O-O Be7 8. d4 b5 9. Bc2 O-O 10. Rd1 Qc7 11. d5 c4 12. b4 Qb8 13. a4 Bd8 14. Nbd2 Bb6 15. h3 Nh5 16. Nf1 Re8 17. Ra2 Nf8 18. Nh4 g6 19. g4 Nf4 20. Bxf4 exf4 21. Qd2 Nd7 22. Qxf4 Ne5 23. Nf3 Ra7 24. Nxe5 Rxe5 25. Nd2 f5 26. exf5 gxf5 27. a5 fxg4 28. axb6 Rf7 29. Qg3 Rg7 30. h4 Qxb6 31. Ne4 Bf5 32. Nxd6 1-0

[Event "Vienna Chess Open 2019"]
[Site "Vienna"]
[Date "2019.08.20"]
[Round "5.9"]
[White "Cvitan, Ognjen"]
[Black "Sandhöfner, Florian"]
[Result "1-0"]
[ECO "D16"]
[WhiteElo "2493"]
[BlackElo "2493"]
[Annotator "ChessBase"]
[PlyCount "81"]
[EventDate "2019.08.17"]
[EventType "swiss"]
[EventCountry "AUT"]
[SourceTitle "playchess.com"]
[Source "ChessBase"]
[SourceQuality "1"]
[TimeControl "40/5400+30:1800+30"]

1. d4 d5 2. c4 c6 3. Nf3 Nf6 4. Nc3 dxc4 5. a4 e6 6. e3 c5 7. Bxc4 Nc6 8. O-O cxd4 9. Nxd4 Nxd4 10. exd4 Be7 11. Qe2 O-O 12. Rd1 Qc7 13. Nb5 Qc6 14. Bf4 Bd7 15. Nc7 Rad8 16. d5 exd5 17. Bb5 Qc5 18. Rac1 Qb4 19. Be5 Bxb5 20. Nxb5 Qe4 21. Qxe4 dxe4 22. Nxa7 Ng4 23. Bg3 Bg5 24. Rxd8 Rxd8 25. Rc8 Rxc8 26. Nxc8 Bf6 27. b4 Bd4 28. Nd6 e3 29. fxe3 Bxe3+ 30. Kf1 b6 31. Ke2 Bg1 32. Nc8 Kf8 33. h3 Nf6 34. Kd3 Ke8 35. Nd6+ Ke7 36. Nf5+ Kf8 37. Bd6+ Kg8 38. Ne7+ Kh8 39. Be5 Nd7 40. Bd4 Bh2 41. Nd5 1-0

[Event "Vienna Chess Open 2019"]
[Site "Vienna"]
[Date "2019.08.20"]
[Round "5.9"]
[White "Muckle, Julius"]
[Black "Buckels, Valentin"]
[Result "1/2-1/2"]
[ECO "E44"]
[WhiteElo "2368"]
[BlackElo "2453"]
[Annotator "ChessBase"]
[PlyCount "95"]
[EventDate "2019.08.17"]
[EventType "swiss"]
[EventCountry "AUT"]
[SourceTitle "playchess.com"]
[Source "ChessBase"]
[SourceQuality "1"]
[TimeControl "40/5400+30:1800+30"]

1. d4 Nf6 2. c4 e6 3. Nc3 Bb4 4. e3 b6 5. Nge2 c5 6. a3 Ba5 7. Bd2 O-O 8. Nf4 Bxc3 9. Bxc3 Ne4 10. Qf3 Bb7 11. dxc5 Bc6 12. Be5 bxc5 13. Bd3 Qa5+ 14. b4 cxb4 15. Bxg7 b3+ 16. Ke2 Nc3+ 17. Bxc3 Bxf3+ 18. Kd2 Qc7 19. gxf3 f6 20. Rag1+ Kf7 21. Nh5 Rg8 22. Rxg8 Kxg8 23. Rg1+ Kf8 24. Nxf6 Qxh2 25. Rg8+ Kf7 26. Rg7+ Kxg7 27. Ng4+ Kf7 28. Nxh2 h5 29. f4 Nc6 30. Nf3 Rb8 31. Kc1 a5 32. Kb2 a4 33. c5 Ke7 34. Bg6 Rb5 35. Bxh5 Rxc5 36. Bg6 d6 37. Nd4 Nxd4 38. Bxd4 Rc8 39. Bd3 Rf8 40. Bb5 e5 41. fxe5 Rxf2+ 42. Kb1 dxe5 43. Ba7 Kd6 44. Bb8+ Kc5 45. Bxa4 Kc4 46. Bxe5 Rf1+ 47. Kb2 Rf2+ 48. Kb1 1/2-1/2

[Event "Vienna Chess Open 2019"]
[Site "Vienna"]
[Date "2019.08.20"]
[Round "5.9"]
[White "Rubil, Marko"]
[Black "Ruff, Maximilian"]
[Result "1/2-1/2"]
[ECO "B42"]
[WhiteElo "2248"]
[BlackElo "2353"]
[Annotator "ChessBase"]
[PlyCount "127"]
[EventDate "2019.08.17"]
[EventType "swiss"]
[EventCountry "AUT"]
[SourceTitle "playchess.com"]
[Source "ChessBase"]
[SourceQuality "1"]
[TimeControl "40/5400+30:1800+30"]

1. e4 c5 2. Nf3 e6 3. d4 cxd4 4. Nxd4 a6 5. Bd3 Nc6 6. Nxc6 dxc6 7. O-O e5 8. Nd2 Qc7 9. a4 Nf6 10. Nc4 Bc5 11. Bg5 Be6 12. Qf3 Nd7 13. a5 O-O 14. Qg3 Kh8 15. Be3 Bxe3 16. Qxe3 Rad8 17. Rfd1 Nf6 18. Nb6 Qd6 19. Ra4 Ng4 20. Qe1 Qc5 21. h3 Nf6 22. Qb4 Qxb4 23. Rxb4 c5 24. Ra4 Rd4 25. Rxd4 cxd4 26. Ra1 Nd7 27. Nxd7 Bxd7 28. Ra3 Rc8 29. Rb3 Rc7 30. Rb6 g6 31. f4 exf4 32. Rd6 Kg7 33. Rxd4 Kf6 34. Kf2 Be6 35. e5+ Kxe5 36. Re4+ Kd6 37. Rxf4 Bd5 38. g4 Ke5 39. Ke3 h6 40. h4 Re7 41. c4 Be6 42. Re4+ Kd6 43. Kd4 Rd7 44. Kc3 Rc7 45. b4 f5 46. c5+ Ke7 47. Re1 Kf7 48. g5 hxg5 49. hxg5 Bd5 50. Re5 Bc6 51. Bc4+ Kg7 52. Re6 Be4 53. Rf6 Rd7 54. b5 axb5 55. Bxb5 Rd1 56. a6 bxa6 57. Rxa6 Rg1 58. Ra7+ Kf8 59. Kd4 Rxg5 60. Ke5 f4+ 61. Kxe4 Rxc5 62. Be2 Rf5 63. Bg4 Rf7 64. Rxf7+ 1/2-1/2

[Event "Vienna Chess Open 2019"]
[Site "Vienna"]
[Date "2019.08.20"]
[Round "5.10"]
[White "Janik, Igor"]
[Black "Yao, Lan"]
[Result "1-0"]
[ECO "A40"]
[WhiteElo "2483"]
[BlackElo "2320"]
[Annotator "ChessBase"]
[PlyCount "137"]
[EventDate "2019.08.17"]
[EventType "swiss"]
[EventCountry "AUT"]
[SourceTitle "playchess.com"]
[Source "ChessBase"]
[SourceQuality "1"]
[TimeControl "40/5400+30:1800+30"]

1. d4 Nf6 2. c4 e6 3. g3 Bb4+ 4. Bd2 a5 5. Bg2 O-O 6. Nf3 b6 7. O-O Bb7 8. Bg5 Be7 9. Qc2 Be4 10. Qc1 h6 11. Bxf6 Bxf6 12. Nc3 Bb7 13. e4 d6 14. Rd1 Qc8 15. h4 e5 16. d5 Na6 17. Ne1 Qd8 18. Bh3 Bc8 19. Bxc8 Qxc8 20. Qe3 Be7 21. Kg2 Nc5 22. Nd3 Nxd3 23. Rxd3 f5 24. exf5 Rxf5 25. Qe4 Qd7 26. Rf3 Rxf3 27. Qxf3 Rf8 28. Qe4 Bd8 29. a3 Qf7 30. f3 Be7 31. Nb5 Bf6 32. Re1 Qd7 33. b3 Kh8 34. Nc3 Be7 35. Qg6 Rf6 36. Qd3 Rf8 37. Re4 Qf5 38. Nb5 Bd8 39. b4 axb4 40. axb4 Kg8 41. Re3 Qxd3 42. Rxd3 Kf7 43. Re3 Re8 44. Kf2 Ke7 45. Nd4 Kd7 46. Ne6 Bf6 47. Ra3 g6 48. Ra7 Rc8 49. Ke3 Be7 50. Ke4 Bf6 51. c5 dxc5 52. bxc5 bxc5 53. Nxc5+ Kd6 54. Ra6+ c6 55. Nd3 Ke7 56. Rxc6 Ra8 57. Nxe5 Ra4+ 58. Rc4 Rxc4+ 59. Nxc4 Bc3 60. Ne5 Kf6 61. f4 Be1 62. Kf3 g5 63. Ng4+ Kg6 64. h5+ Kg7 65. f5 Bb4 66. Nf2 Kf6 67. g4 Ba3 68. Ke4 Ke7 69. Nd3 1-0